AoeStats
← Roman

Arabia

507646014Analyzed
1v1 RM · 14d ago on Sep 19, 2026· 48m 54s· 2 players
Game mode
Random Map
Map size
Tiny (2 player)
Population
200
Speed
Normal
Resources
Standard
Victory
Conquest
Starting age
Dark Age
Ending age
Imperial Age
RankedLock teamsTeams togetherTeam positionsShared explorationLock speedFull tech treeHidden civsTurbo modeCheats
Victory
Defeat
🇨🇱 Romans · Chile
1317
+13
🇧🇷 Teutons · Brazil
1257
-13
Roman
6:40 Loom
9:38 Feudal Age
9:45 Man-at-Arms
11:40 Scale Mail Armor
15:24 Forging
19:50 Fletching
25:51 Castle Age
24:03 Double-Bit Axe
24:27 Horse Collar
28:02 Husbandry
28:48 Scale Barding Armor
30:34 Chain Barding Armor
33:41 Wheelbarrow
34:22 Bloodlines
36:39 Bodkin Arrow
38:09 Bow Saw
40:19 Hand Cart
46:04 Imperial Age
43:50 Town Watch
45:22 Heavy Plow
46:10 Town Patrol
45:55 Light Cavalry
47:13 Iron Casting
Kinait
7:49 Loom
10:12 Feudal Age
10:39 Man-at-Arms
23:42 Fletching
28:21 Scale Mail Armor
30:51 Wheelbarrow
30:41 Forging
36:07 Castle Age
34:21 Double-Bit Axe
34:23 Horse Collar
37:28 Bodkin Arrow
40:45 Bow Saw
Connection lost

Rejoining the realm…

Still unreachable

The connection could not be restored.

Session expired

The server has moved on; the page needs a fresh start.